 Dungeon Crawl Stone Soup version 0.19.1-1-g22dce08 (webtiles) character file.

61 ponk the Sneak (level 4, -2/29 HPs)
             Began as an Octopode Assassin on Jan 11, 2017.
             Killed from afar by a white imp (8 damage)
             ... with a puff of frost
             ... summoned by Natasha
             ... on level 2 of the Dungeon.
             The game lasted 00:02:44 (677 turns).

ponk the Sneak (Octopode Assassin)                   Turns: 677, Time: 00:02:45

Health: -2/29      AC:  1    Str: 10    XL:     4   Next: 7%
Magic:  4/4        EV: 13    Int: 13    God:
Gold:   33         SH:  0    Dex: 14    Spells: 0 memorised, 3 levels left

rFire  . . .     SeeInvis .     a - +2 dagger
rCold  . . .     Gourm    .     (no shield)
rNeg   . . .     Faith    .     (helmet restricted)
rPois  .         Spirit   .     (no amulet)
rElec  .         Reflect  .     (no ring)
rCorr  .         Harm     .     (no ring)
MR     .....                    (no ring)
Stlth  +++++.....               (no ring)
                                (no ring)
                                (no ring)
                                (no ring)
                                (no ring)

@: no status effects
A: almost no armour, stealthy swim, amphibious, 8 rings, constrict 8, camouflage
1, gelatinous body 1
a: no special abilities


You were on level 2 of the Dungeon.
You were not hungry.

You visited 1 branch of the dungeon, and saw 2 of its levels.

You collected 33 gold pieces.

Inventory:

Hand Weapons
 a - a +2 dagger (weapon)
 b - a +0 blowgun
Missiles
 c - 8 poisoned needles
 d - 2 curare-tipped needles
Jewellery
 n - an uncursed ring of see invisible {unknown}
Scrolls
 j - a scroll of immolation {unknown}
 k - a scroll of fear {unknown}
 l - a scroll of identify {unknown}
 o - a scroll of fog {unknown}
Potions
 e - 2 potions of invisibility {unknown}
 h - a potion of lignification {unknown}
 i - 2 potions of curing {unknown}
 m - a potion of cancellation {unknown}
 r - a potion of mutation {unknown}
Comestibles
 f - 2 bread rations
 g - a beef jerky
 p - 3 chunks of flesh
 q - a fruit


   Skills:
 - Level 2.0 Fighting
 - Level 2.0 Short Blades
 - Level 2.0 Throwing
 - Level 1.0 Dodging
 + Level 7.6 Stealth


You had 3 spell levels left.
You didn't know any spells.

Dungeon Overview and Level Annotations

Branches:
Dungeon (2/15)

Altars:

Annotations:
D:2 Natasha


Innate Abilities, Weirdness & Mutations

You cannot wear most types of armour.
You are very stealthy in the water. (Stealth+)
You are amphibious.
You can wear up to eight rings at the same time.
You can use your tentacles to constrict eight enemies at once.
Your skin changes colour to match your surroundings (Stealth+).
Your rubbery body absorbs attacks. (AC +1, EV +1)


Message History

The white imp closely misses you.
You hit the white imp. You grab the white imp.
The white imp is lightly wounded.
You constrict the white imp, but do no damage.
The white imp closely misses you.
You hit the white imp.
The white imp is moderately wounded.
You constrict the white imp. The white imp hits you. The white imp freezes you.
You hit the white imp but do no damage.
The white imp is heavily wounded.
You constrict the white imp.
Natasha wildly gestures.
You feel disoriented.
The white imp shouts, "Leave, thou qualling idle-headed wastrel!"
The white imp hits you. The white imp freezes you.
* * * LOW HITPOINT WARNING * * *
You release your grip on the white imp.
The white imp gestures at you. The puff of frost hits you!
You die...

#..................#####
#......####.#..........#
#....#.# #.#....h.....#
#..#.#.####.#...h......#
#..#.#.#..#.#.....5....##
#..#.#.#..#.#.h5.[.hr....
#.........#.##'########.#
#.####.#.##.##.#
#.........#@##h#
#.#######.#..5h#
###.#######.########
...................
###.#######.########
..#....####.#
#.#.....<.#.#
#.#..#.####.#
#.#..#.####.#


You could see a white imp and a jackal.

Vanquished Creatures
  Jessica (D:2)
  An ooze (D:1)
  A dart slug (D:1)
  2 leopard geckos (D:1)
  7 bats
  3 giant cockroaches
  3 goblins (D:1)
  A hobgoblin (D:2)
  A ball python (D:1)
  3 frilled lizards
  2 kobolds (D:1)
  5 rats
30 creatures vanquished.

Notes
Turn   | Place    | Note
-------+----------+-------------------------------------------
     0 | D:1      | ponk the Octopode Assassin began the quest for the Orb.
     0 | D:1      | Reached XP level 1. HP: 14/14 MP: 1/1
    50 | D:1      | Reached skill level 6 in Stealth
    50 | D:1      | Reached XP level 2. HP: 18/19 MP: 2/2
   208 | D:1      | Reached XP level 3. HP: 24/24 MP: 3/3
   620 | D:2      | Reached skill level 7 in Stealth
   639 | D:2      | Noticed Jessica
   660 | D:2      | Noticed Natasha
   660 | D:2      | Killed Jessica
   660 | D:2      | Reached XP level 4. HP: 29/29 MP: 4/4
   677 | D:2      | Killed from afar by a white imp

Skill      XL: |  1  2  3 |
---------------+----------+-----
Stealth        | 6 7 |  7.6
Fighting       | |  2.0
Short Blades   | |  2.0
Throwing       | |  2.0
Dodging        | |  1.0

Action                   |  1- 3 |  4- 6 || total
-------------------------+-------+-------++-------
Melee: Dagger            |    46 |     5 ||    51
       Constrict         |     8 |     2 ||    10
       Tentacles         |     3 |       ||     3
 Stab: Sleeping          |    11 |       ||    11
Armor: Skin              |     6 |       ||     6
Dodge: Dodged            |    28 |     4 ||    32
